 Seeded DCSS version 0.27.1-3-gb3d3a73c9e (webtiles) character file.

Game seed: 20211027 (custom seed)

102 abrahamlauer the Ducker (level 4, -7/31 HPs)
             Began as an Octopode Fighter on Oct 27, 2021.
             Mangled by a hornet (10 damage)
             ... on level 4 of the Dungeon.
             The game lasted 00:17:25 (3232 turns).

abrahamlauer the Ducker (Octopode Fighter)          Turns: 3232, Time: 00:17:26

Health: -7/31      AC:  1    Str: 15    XL:     4   Next: 77%
Magic:  4/4        EV: 11    Int: 10    God:
Gold:   145        SH:  8    Dex: 12    Spells: 3/3 levels left

rFire    . . .     SeeInvis .   a - +0 trident
rCold    . . .     Faith    .   b - +0 kite shield
rNeg     . . .     Spirit   .   (helmet restricted)
rPois    .         Reflect  .   (no amulet)
rElec    .         Harm     .   o - ring of willpower
rCorr    .         Rampage  .   (no ring)
Will     +....                  (no ring)
Stlth    +++.......             (no ring)
HPRegen  0.10/turn              (no ring)
MPRegen  0.09/turn              (no ring)
                                (no ring)
                                (no ring)

@: lethally poisoned (-7 -> -18)
A: almost no armour, amphibious, 8 rings, camouflage 1, gelatinous body 1,
(nimble swimmer 1), tentacles
a: no special abilities


You were on level 4 of the Dungeon.
You visited 1 branch of the dungeon, and saw 4 of its levels.

You collected 145 gold pieces.

Inventory:

Hand Weapons
 a - a +0 trident (weapon)
Missiles
 e - 51 stones (quivered)
 f - 2 throwing nets
Armour
 b - a +0 kite shield (worn)
Magical Staves
 h - a staff of fire
Jewellery
 o - a ring of willpower (left tentacle)
Scrolls
 d - a scroll of immolation
 g - a scroll of fear
Potions
 c - a potion of might
 i - 2 potions of flight
 j - 2 potions of heal wounds


   Skills:
 + Level 3.4 Fighting
 + Level 3.1 Polearms
 + Level 1.3 Throwing
 + Level 3.4 Dodging
 + Level 1.8 Stealth
 + Level 3.3 Shields


You had 3 spell levels left.
You didn't know any spells.
Your spell library contained the following spells:

 Spells                   Type           Power      Damage    Failure   Level
 Sandblast                Erth           0%         2d4       86%         1
 Blink                    Tloc           N/A        N/A       95%         2
 Passwall                 Tmut/Erth      0%         N/A       95%         2
 Lee's Rapid Deconstruct  Erth           0%         3d5*      100%        5
 Manifold Assault         Tloc           0%         N/A       100%        5
 Storm Form               Tmut/Air       0%         N/A       100%        7


Dungeon Overview and Level Annotations

Branches:
Dungeon (4/15)
 Temple: D:4-7

Altars:

Shops:
D:1 (

Annotations:
D:4 1 runed translucent door, Icepheonix32's ghost, novice DsFi


Innate Abilities, Weirdness & Mutations

You cannot wear most types of armour.
You are amphibious.
You can wear up to eight rings at the same time.
Your skin changes colour to match your surroundings (Stealth+).
Your rubbery body absorbs attacks. (AC +1, EV +1)
((You are camouflaged near water. (Stealth+)))
You have tentacles for arms and can constrict up to eight enemies at once.


Message History

Found a dagger.
A hornet comes into view.
Throw: 53 stones
Press: ? - help, Q - select action, (/) - cycle Shift-Dir - straight line, f - hornet
Aim: a hornet (asleep, 98% to hit)
You throw a stone.
The stone hits the hornet but does no damage.
The hornet buzzes angrily.
Throw: 52 stones
Press: ? - help, Q - select action, (/) - cycle Shift-Dir - straight line, f/p - hornet
Aim: a hornet (42% to hit)
You throw a stone.
The stone hits the hornet but does no damage.
You block the hornet's attack.
Reach: a) +0 trident
Press: ? - help, Dir - move target, f/p - hornet
Aim: a hornet (about 58% to evade your +0 trident)
You hit the hornet but do no damage. Your grab misses the hornet.
The hornet stings you!
You are poisoned.
You feel yourself slow down. The hornet closely misses you.
Reach: a) +0 trident
Press: ? - help, Dir - move target, f/p - hornet
Aim: a hornet (about 58% to evade your +0 trident)
You barely miss the hornet. Your grab misses the hornet.
You feel yourself speed up.
You feel very sick. You block the hornet's attack. The hornet stings you!
You are lethally poisoned!
You feel yourself slow down. The hornet closely misses you.
Reach: a) +0 trident
Press: ? - help, Dir - move target, f/p - hornet
Aim: a hornet (about 61% to evade your +0 trident)
You completely miss the hornet. You grab the hornet.
You feel yourself speed up.
You constrict the hornet.
* * * LOW HITPOINT WARNING * * *
You feel extremely sick. The hornet stings you!
You die...

#### ..(. ### ##..... #
### #..#)#..... ##
#####.## .....(....
.###.#....## ......#
...........# #.y...+
.###....#..#####@## +
........#....##...#....
[.......................
.##.#.###...............
.##.#...................
...............##.......
............#.<.........
..###.#.....#...##......
.## ####.......## #.....


You could see a hornet.

Vanquished Creatures
  A hound skeleton (D:4)
  2 adders
  3 worms
  3 dart slugs
  An orc (D:3)
  5 ball pythons
  2 endoplasms
  4 giant cockroaches
  6 hobgoblins
  3 bats
  2 frilled lizards
  10 goblins
  7 kobolds
  4 rats
53 creatures vanquished.

Notes
Turn   | Place    | Note
-------+----------+-------------------------------------------
     0 | D:1      | abrahamlauer the Octopode Fighter began the quest for the
                  | Orb.
     0 | D:1      | Reached XP level 1. HP: 16/16 MP: 1/1
     9 | D:1      | Found Septann's Antique Weapon Shoppe.
   295 | D:1      | Reached XP level 2. HP: 19/21 MP: 2/2
   929 | D:1      | Found a faded altar of an unknown god.
   999 | D:1      | Reached XP level 3. HP: 26/26 MP: 3/3
  1624 | D:2      | Reached skill level 1 in Throwing
  1682 | D:2      | You fall into a shaft and drop 1 floor!
  2466 | D:3      | Reached XP level 4. HP: 31/31 MP: 4/4
  3016 | D:4      | Noticed Icepheonix32's ghost (novice DsFi)
  3032 | D:4      | Reached skill level 1 in Stealth
  3159 | D:4      | Found a runed translucent door.
  3225 | D:4      | Noticed a hornet
  3232 | D:4      | Mangled by a hornet

Illustrated notes

Levels and vault maps discovered:
D:1:      amcnicky_arrival_gap_in_the_tavern_cellar, layout_basic,
          shapermc_ecumenical_altar_mp_ritualfount, serial_shops, shop
D:2:      layout_basic
D:3:      layout_basic, minmay_quadrilaterals
D:4:      layout_cave_pools, amcnicky_altar_gilded,
          lightli_ossuary_entry_decrepit_ruins, hellmonk_ghost_happy_afterlife,
          serial_shops, nicolae_shop_behind_doors, uniq_eustachio, uniq_ijyb,
          uniq_crazy_yiuf_cottage

Skill      XL: |  1  2  3  4 |
---------------+-------------+-----
Throwing       | 1 |  1.3
Stealth        | 1 |  1.8
Polearms       | 3 |  3.1
Fighting       | |  3.4
Dodging        | |  3.4
Shields        | |  3.3

Action                   |  1- 3 |  4- 6 || total
-------------------------+-------+-------++-------
Melee: Trident           |    75 |    28 ||   103
       Constrict         |    14 |     7 ||    21
       Tentacles         |     9 |     2 ||    11
Throw: Stone             |    73 |     8 ||    81
  Use: Scroll            |       |     7 ||     7
       Potion            |       |     1 ||     1
 Stab: Sleeping          |     4 |     3 ||     7
Armor: Skin              |     2 |       ||     2
Dodge: Dodged            |    22 |     4 ||    26
Block: Kite shield       |    14 |     9 ||    23
